 Dungeon Crawl Stone Soup version 0.17-a0-945-g601bd79 (webtiles) character file.

47 Platok the Digger (level 3, 0/19 HPs)
             Began as a Gargoyle Earth Elementalist on May 6, 2015.
             Slain by a kobold
             ... wielding a +0 short sword
              (1 damage)
             ... on level 2 of the Dungeon.
             The game lasted 00:06:48 (1289 turns).

Platok the Digger (Gargoyle Earth Elementalist)     Turns: 1289, Time: 00:06:49

Health: 0/19       AC:  5    Str: 11    XL:     3   Next: 70%
Magic:  7/7        EV: 12    Int: 16    God:
Gold:   61         SH:  0    Dex: 10    Spells: 1 memorised, 6 levels left

rFire  . . .     SeeInvis .     e - +0 club
rCold  . . .     Clarity  .     b - +0 robe
rNeg   + . .     SustAb   .     (no shield)
rPois  ∞         Gourm    .     (no helmet)
rElec  +         Spirit   .     (no cloak)
rCorr  .         Warding  .     (no gloves)
rMut   .         Stasis   .     (no boots)
MR     .....                    (no amulet)
Stlth  ++........               (no ring)
                                (no ring)

@: not resistant to hostile enchantments, unstealthy
A: negative energy resistance 1, electricity resistance, unbreathing,
petrification resistance, rot immunity, AC +3
a: no special abilities


You were on level 2 of the Dungeon.
You were not hungry.

You visited 1 branch of the dungeon, and saw 2 of its levels.

You collected 61 gold pieces.

Inventory:

Hand weapons
 e - a +0 club (weapon)
Missiles
 a - 92 stones (quivered)
Armour
 b - a +0 robe (worn)
Scrolls
 i - a scroll of recharging {unknown}
Potions
 h - a potion of brilliance {unknown}
Books
 c - a book of Geomancy

   Spells                             Type                      Level
   a - Sandblast                      Earth                        1
   b - Stoneskin                      Transmutation/Earth          2
   c - Passwall                       Transmutation/Earth          3
   d - Stone Arrow                    Conjuration/Earth            3
   e - Petrify                        Transmutation/Earth          4
   f - Lee's Rapid Deconstruction     Earth                        5
Comestibles
 d - 2 bread rations
 f - a chunk of flesh
 g - a meat ration


   Skills:
 - Level 1.5 Dodging
 - Level 2.1 Stealth
 + Level 2.9 Spellcasting
   Level 0.7 Transmutations
 + Level 4.7 Earth Magic


You had 6 spell levels left.
You knew the following spells:

 Your Spells              Type           Power        Failure   Level  Hunger
a - Sandblast             Erth           ###...       3%          1    #......


Dungeon Overview and Level Annotations

Branches:
Dungeon (2/15)

Altars:


Innate Abilities, Weirdness & Mutations

You are resistant to torment.
Your stone body is resilient (AC +3).
You are immune to poison.
You resist negative energy.
You are resistant to electric shocks.
You can survive without breathing.
You are immune to petrification.
You are immune to rotting.


Message History

The kobold is heavily wounded.
The kobold hits you with a short sword.
You hit the kobold.
The kobold is severely wounded.
The kobold closely misses you.
You hit the kobold.
You kill the kobold!
The kobold throws a stone.
The stone completely misses you. The kobold hits you with a short sword.
Things that are here:
a short sword; a club; a kobold corpse You barely miss the kobold.
The kobold hits you with a short sword.
You miss the kobold. The kobold hits you but does no damage.
You closely miss the kobold. The kobold hits you with a short sword.
You hit the kobold.
The kobold is almost dead.
The kobold hits you with a short sword.
* * * LOW HITPOINT WARNING * * *
The kobold hits you with a short sword.
You die...

....#.#.# ####....#.##
#..........# #
#..........## ####.#
#.(.........# #....[.
#......)....####.(!....
#......<...............
####...###..###...(....
#.#÷# ##(..@K.......
#.#.# #.#.........<
........# #...#........
...>..... #.####.$.....
.......... #.# .......
.............. .......
####.#####.#.# .......
#. #...# ....... #> #.


You could see a kobold.

Vanquished Creatures
  An ooze (D:1)
  A giant cockroach (D:2)
  12 hobgoblins
  3 jackals (D:1)
  4 kobolds
  3 bats
  A giant newt (D:1)
  6 goblins
  6 rats (D:1)
37 creatures vanquished.

Notes
Turn   | Place    | Note
--------------------------------------------------------------
     0 | D:1      | Platok, the Gargoyle Earth Elementalist, began the quest for the Orb.
     0 | D:1      | Reached XP level 1. HP: 10/10 MP: 3/3
   212 | D:1      | Reached skill level 4 in Earth Magic
   212 | D:1      | Reached XP level 2. HP: 13/15 MP: 5/5
   523 | D:1      | Reached XP level 3. HP: 17/19 MP: 6/6
  1289 | D:2      | Slain by a kobold

Action                   || total
-------------------------++-------
Melee: Club              ||   153
 Cast: Sandblast         ||    33
 Stab: Distracted        ||     1
  Eat: Chunk             ||     2
